 Dungeon Crawl Stone Soup version 0.22-a0-877-g5c4e1afb51 (console) character file.

74 Lexodia the Skirmisher (level 4, -4/29 HPs)
             Began as a Gargoyle Monk on July 29, 2018.
             Slain by a gnoll
             ... wielding a +0 flail
              (13 damage)
             ... on level 2 of the Dungeon.
             The game lasted 00:03:45 (1352 turns).

Lexodia the Skirmisher (Gargoyle Monk)              Turns: 1352, Time: 00:03:46

Health: -4/29      AC:  6    Str: 15    XL:     4   Next: 30%
Magic:  4/4        EV: 12    Int: 11    God:
Gold:   81         SH:  3    Dex: 12    Spells: 3/3 levels left

rFire    . . .     SeeInvis .   k - +0 whip
rCold    . . .     Gourm    .   m - +0 buckler
rNeg     + . .     Faith    .   b - +0 robe
rPois    ∞         Spirit   .   (helmet restricted)
rElec    +         Reflect  .   (no cloak)
rCorr    .         Harm     .   n - +0 pair of gloves
MR       .....                  (no boots)
Stlth    ++........             (no amulet)
HPRegen  0.09/turn              (no ring)
MPRegen  0.09/turn              (no ring)

@: no status effects
A: horns 1, talons 1, negative energy resistance 1, electricity resistance,
unbreathing, petrification resistance, rot immunity, AC +3
a: no special abilities


You were on level 2 of the Dungeon.
You were hungry.

You visited 1 branch of the dungeon, and saw 3 of its levels.

You collected 81 gold pieces.

Inventory:

Hand Weapons
 a - a +0 mace
 k - a +0 whip (weapon)
Armour
 b - a +0 robe (worn)
 f - a cursed +0 cloak
 m - a +0 buckler (worn)
 n - a +0 pair of gloves (worn)
Scrolls
 d - 5 scrolls of identify {unknown}
 g - a scroll of fog {unknown}
 h - a scroll of random uselessness {unknown}
 i - a scroll of enchant weapon {unknown}
 o - a scroll of enchant armour {unknown}
Potions
 e - a potion of curing
 j - a potion of mutation
 l - a potion of resistance {unknown}
Comestibles
 c - 2 rations


   Skills:
 + Level 4.0 Fighting
 * Level 3.8 Maces & Flails
 - Level 3.0 Dodging
 - Level 2.1 Stealth
 + Level 0.8 Shields


You had 3 spell levels left.
You didn't know any spells.
Your spell library was empty.

Dungeon Overview and Level Annotations

Branches:
Dungeon (3/15)

Altars:
Dithmenos
Hepliaklqana


Innate Abilities, Weirdness & Mutations

You are resistant to torment.
Your stone body is resilient. (AC +3)
You are immune to poison.
You resist negative energy. (rN+)
You are resistant to electric shocks. (rElec)
You can survive without breathing.
You are immune to petrification.
You are immune to rotting.
You have a pair of small horns on your head.
You have sharp toenails.


Message History

A pair of horns grows on your head!
Your toenails lengthen and sharpen.
The gnoll closely misses you. The gnoll hits you but does no damage.
Press: ? - help, v - describe, . - travel
Here: a gnoll, wielding a flail The floor.
Unknown command.
It was a potion of curing.
You feel better. The gnoll hits you with a spear.
* * * LOW HITPOINT WARNING * * *
The gnoll closely misses you. You block the gnoll's attack.
You hit the gnoll.
The gnoll is moderately wounded.
The gnoll barely misses you. x2
You hit the gnoll. You claw the gnoll. Your headbutt misses the gnoll.
The gnoll is heavily wounded.
The gnoll closely misses you.
You hit the gnoll. You headbutt the gnoll.
The gnoll is almost dead.
The gnoll hits you with a flail!
You die...

# #...## ###### #
#....#############....######### #
#....#......................... #
#....#.###########....####....? #
#....#..##### #...........(.
####...#......# #####.#<......
.......###.##.## #.#..g....
####...##......### #.#..gg... #
#...####..###@# #..g....#. #
###.##......#g#########.###### #
#.###.##.##.g....# #...gg.) #
#.##......#......# ######## #
#..#.####.#......# # #
#..#......#......###########
######..##.##.##.#####.........##
........#......#......g..........
######..###..###.................


You could see 2 gnolls.

Vanquished Creatures
  2 gnolls (D:2)
  An adder (D:2)
  An ooze (D:1)
  3 dart slugs
  A leopard gecko (D:2)
  6 bats
  2 giant cockroaches
  6 goblins
  3 hobgoblins
  3 kobolds (D:2)
  A quokka (D:2)
  A ball python (D:1)
  A frilled lizard (D:1)
  3 rats
34 creatures vanquished.

Notes
Turn   | Place    | Note
-------+----------+-------------------------------------------
     0 | D:1      | Lexodia the Gargoyle Monk began the quest for the Orb.
     0 | D:1      | Reached XP level 1. HP: 14/14 MP: 1/1
    31 | D:1      | Huge Dmg: 3 dmg
    41 | D:1      | Reached XP level 2. HP: 16/19 MP: 2/2
   466 | D:1      | Reached XP level 3. HP: 23/24 MP: 3/3
   684 | D:2      | Huge Dmg: 6 dmg
   705 | D:2      | Huge Dmg: 3 dmg
   809 | D:2      | Found a shadowy altar of Dithmenos.
   891 | D:2      | Huge Dmg: 4 dmg
   957 | D:2      | Found a hazy altar of Hepliaklqana.
  1069 | D:2      | Reached skill level 4 in Fighting
  1069 | D:2      | Reached XP level 4. HP: 24/29 MP: 4/4
  1080 | D:2      | Huge Dmg: 7 dmg
  1101 | D:2      | Huge Dmg: 9 dmg
  1331 | D:2      | Huge Dmg: 7 dmg
  1341 | D:2      | Huge Dmg: 5 dmg
  1347 | D:2      | Huge Dmg: 9 dmg
  1347 | D:2      | Gained mutation: You have a pair of small horns on your head. [potion of mutation]
  1347 | D:2      | Gained mutation: You have sharp toenails. [potion of mutation]
  1352 | D:2      | Slain by a gnoll

Vault maps used:
D:1:      roderic_crossed_star
D:2:      lemuel_round_altar, lemuel_doored_altar,
          nicolae_dithmenos_shadow_blocks, roderic_roman_lattice,
          small_statue_intersection, minmay_misc_feat_alley, minivault_14,
          kennysheep_pointless_box, minmay_misc_feat_nine_boxes
D:3:      ebering_ghost_sewer_d

Skill      XL: |  1  2  3  4 |
---------------+-------------+-----
Fighting       | 4 |  4.0
Dodging        | 3 |  3.0
Maces & Flails | |  3.8
Stealth        | |  2.1
Shields        | |  0.8

Action                   |  1- 3 |  4- 6 || total
-------------------------+-------+-------++-------
Melee: Mace              |    41 |       ||    41
       Whip              |    97 |    26 ||   123
       Kick              |       |     1 ||     1
       Headbutt          |       |     1 ||     1
  Use: Potion            |       |     2 ||     2
 Stab: Sleeping          |     3 |       ||     3
  Eat: Chunk             |     1 |       ||     1
Armor: Robe              |    52 |     5 ||    57
Dodge: Dodged            |    96 |    26 ||   122
Block: Buckler           |     7 |     7 ||    14

Table legend:
 A = Spawn XP
 B = Non-spawn XP
 C = Spawn XP percentage of total XP
 D = Spawn monster count
 E = Non-spawn monster count
 F = Spawn count percentage of total count
 G = Total turns spent on level
                    A         B        C        D         E        F      G
               +---------+---------+-------+---------+---------+-------+---------
         Total |       0 |     107 |   0.0 |       0 |      34 |   0.0 |  1352
               +---------+---------+-------+---------+---------+-------+---------
           D:1 |       0 |      35 |   0.0 |       0 |      15 |   0.0 |   544
           D:2 |       0 |      72 |   0.0 |       0 |      19 |   0.0 |   601
               +---------+---------+-------+---------+---------+-------+---------
